 Dungeon Crawl Stone Soup version 0.28.0-1-gb440e238dd (webtiles) character file.

Game seed: 8667409559707011704

14 spaghetti the Sneak (level 2, -1/21 HPs)
             Began as an Octopode Delver on Feb 19, 2022.
             Slain by Ijyb (11 damage)
             ... on level 4 of the Dungeon.
             The game lasted 00:01:12 (635 turns).

spaghetti the Sneak (Octopode Delver)                Turns: 635, Time: 00:01:12

Health: -1/21      AC:  1    Str: 13    XL:     2   Next: 41%
Magic:  2/2        EV: 13    Int: 12    God:
Gold:   53         SH:  0    Dex: 13    Spells: 1/1 levels left

rFire   . . .      SeeInvis .   i - +5 scimitar of Poyrch {flame, Str+2}
rCold   . . .      Faith    .   (no shield)
rNeg    . . .      Spirit   .   (helmet restricted)
rPois   .          Reflect  .   (no amulet)
rElec   .          Harm     .   (no ring)
rCorr   .          Rampage  .   (no ring)
Will    .....                   (no ring)
Stlth   ++++......              (no ring)
HPRegen 0.07/turn               (no ring)
MPRegen 0.08/turn               (no ring)
                                (no ring)
                                (no ring)

@: no status effects
A: almost no armour, amphibious, 8 rings, camouflage 1, gelatinous body 1,
(nimble swimmer 1), tentacles
a: no special abilities


You were on level 4 of the Dungeon.
You visited 1 branch of the dungeon, and saw 2 of its levels.

You collected 53 gold pieces.

Inventory:

Hand Weapons
 a - a +0 falchion
 i - the +5 scimitar of Poyrch (weapon) {flame, Str+2}
   (You found it on level 5 of the Dungeon)

   It burns those it strikes, dealing additional fire damage.
   Big, fiery blades are also staple armaments of hydra-hunters.
   Str:       It affects your strength (+2).
Jewellery
 j - a ring of flight
Wands
 f - a wand of digging (3)
 g - a wand of polymorph (3)
 k - a wand of flame (19)
Scrolls
 b - 3 scrolls of fog
 c - a scroll of magic mapping
 d - a scroll of fear
 h - a scroll of summoning {unknown}
Potions
 e - a potion of haste
 l - a potion of curing {unknown}
 m - a potion of attraction {unknown}


   Skills:
 - Level 3.0 Fighting
 + Level 2.6 Long Blades
 - Level 2.0 Dodging
 + Level 7.0 Stealth


You had one spell level left.
You didn't know any spells.
Your spell library was empty.

Dungeon Overview and Level Annotations

Branches:
Dungeon (5/15)
 Temple: D:4-7

Altars:

Annotations:
D:4 Ijyb


Innate Abilities, Weirdness & Mutations

You cannot wear most types of armour.
You are amphibious.
You can wear up to eight rings at the same time.
Your skin changes colour to match your surroundings (Stealth+).
Your rubbery body absorbs attacks. (AC +1, EV +1)
((You are camouflaged when in or above water. (Stealth+)))
You have tentacles for arms and can constrict up to eight enemies at once.


Message History

Things that are here:
a +0 dagger; a goblin corpse You now have 34 gold pieces (gained 9).
There is an open door here.
Found a stone staircase leading down.
Found 12 arrows.
You see here 12 arrows.
Found 18 arrows.
Found a stone staircase leading up.
b - 2 scrolls of fog (gained 1)
Found a ring mail.
You open the door.
There is an open door here.
You now have 48 gold pieces (gained 14).
Found a stone staircase leading up.
Found 2 poisoned darts.
Found a stone staircase leading up.
You open the door.
There is an open door here.
Found a stone staircase leading down.
m - a green potion You open the door.
There is an open door here.
You now have 53 gold pieces (gained 5).
b - 3 scrolls of fog (gained 1)
Found 19 stones.
There is a stone staircase leading down here.
You open the door.
There is an open door here.
Ijyb the Twisted Goblin comes into view.
She is wielding a +9 club and carrying a wand of acid (5).
The helpless Ijyb fails to defend herself.
You slash Ijyb! You burn Ijyb. Your grab misses Ijyb. Your squeeze misses Ijyb.
Ijyb is heavily wounded.
Ijyb hits you with a +9 club!
Ouch! That really hurt!
You closely miss Ijyb. You grab Ijyb. You squeeze Ijyb, but do no damage.
Ijyb is heavily wounded.
You constrict Ijyb, but do no damage. Ijyb hits you with a +9 club!
Ouch! That really hurt!
You die...

### #############.#
..............# #############.#
######### #.# ........# #.#
........# #.# # ........#
#.########## # ........#
#...@g...... + ###'#####
################ # ###.#
#........# ###
..#.###############........# #..
#.#...............+........# #.#
#.#...#############........# #.#
#.#.>.............#........# #.#
........(...#####..####'##.####.#
#.....#####.######.####.##.......


You could see Ijyb.

Vanquished Creatures
  An adder (D:4)
  A giant cockroach (D:4)
  A goblin (D:4)
  A hobgoblin (D:4)
  A kobold (D:4)
5 creatures vanquished.

Notes
Turn   | Place    | Note
-------+----------+-------------------------------------------
     0 | D:5      | spaghetti the Octopode Delver began the quest for the Orb.
     0 | D:5      | Reached XP level 1. HP: 16/16 MP: 1/1
    12 | D:5      | Identified the +5 scimitar of Poyrch {flame, Str+2}
    18 | D:5      | Noticed a black bear
    81 | D:4      | Reached XP level 2. HP: 11/21 MP: 2/2
   273 | D:4      | Reached skill level 7 in Stealth
   630 | D:4      | Noticed Ijyb
   635 | D:4      | Slain by Ijyb

Illustrated notes

Levels and vault maps discovered:
D:4:      layout_basic, nrook_mini_backslash, uniq_ijyb
D:5:      layout_basic

Skill      XL: |  1  2 |
---------------+-------+-----
Stealth        | 7 |  7.0
Fighting       | |  3.0
Long Blades    | |  2.6
Dodging        | |  2.0

Action                   || total
-------------------------++-------
Melee: Scimitar          ||    10
       Constrict         ||     3
       Tentacles         ||     2
 Stab: Sleeping          ||     3
Dodge: Dodged            ||     4
